 Dungeon Crawl Stone Soup version 0.27.1-1-g398f81649c (webtiles) character file.

Game seed: 4612048322900665624

564 MajorAdolf the Sneak (level 7, -4/61 HPs)
             Began as a Naga Wanderer on Sept 7, 2021.
             Slain by Prince Ribbit (10 damage)
             ... on level 5 of the Dungeon.
             The game lasted 00:09:40 (6697 turns).

MajorAdolf the Sneak (Naga Wanderer)                Turns: 6697, Time: 00:09:41

Health: -4/61      AC:  3    Str: 13    XL:     7   Next: 32%
Magic:  1/9        EV:  9    Int: 11    God:
Gold:   145        SH:  0    Dex: 15    Spells: 6/9 levels left

rFire    . . .     SeeInvis +   h - +2 spear (flame)
rCold    . . .     Faith    .   (no shield)
rNeg     . . .     Spirit   .   E - +0 robe
rPois    +         Reflect  .   (no helmet)
rElec    .         Harm     .   (no cloak)
rCorr    .         Rampage  .   (no gloves)
Will     .....                  (no barding)
Stlth    +++.......             (no amulet)
HPRegen  0.20/turn              (no ring)
MPRegen  0.11/turn              (no ring)

@: very slightly contaminated, very slow
A: AC +2, large, see invisible, deformed body, poison resistance, slowness 2,
spit poison 1, naga tail 1
a: Spit Poison


You were on level 5 of the Dungeon.
You visited 1 branch of the dungeon, and saw 5 of its levels.

You collected 145 gold pieces.

Inventory:

Hand Weapons
 a - a +2 hand crossbow
 e - a +0 dagger
 h - a +2 spear of flaming (weapon)
Missiles
 b - 14 bolts
 d - 34 poisoned darts
 r - a throwing net
Armour
 c - a +0 ring mail
 E - a +0 robe (worn)
Magical Staves
 u - a staff of earth
Wands
 v - a wand of digging (6)
 A - a wand of iceblast (4)
Scrolls
 f - 2 scrolls of identify {unknown}
 g - 2 scrolls of teleportation {unknown}
 i - 3 scrolls of immolation {unknown}
 j - 2 scrolls of fear {unknown}
 k - a scroll of vulnerability {unknown}
 o - 2 scrolls of amnesia {unknown}
 p - a scroll of silence {unknown}
 t - a scroll of blinking {unknown}
 x - 2 scrolls of enchant weapon {unknown}
 y - a scroll of acquirement {unknown}
 z - a scroll of fog {unknown}
Potions
 l - a potion of flight {unknown}
 n - a potion of magic {unknown}
 q - a potion of haste {unknown}
 s - 3 potions of brilliance {unknown}
 w - a potion of degeneration {unknown}
 B - a potion of lignification {unknown}
 C - 2 potions of might {unknown}
 D - a potion of berserk rage {unknown}


   Skills:
 - Level 2.3 Fighting
 - Level 4.0 Maces & Flails
 - Level 4.4 Crossbows
 - Level 1.0 Throwing
 - Level 1.0 Armour
 - Level 5.0 Stealth
 + Level 1.8 Spellcasting
 + Level 2.0 Conjurations
 + Level 2.0 Fire Magic
 + Level 2.0 Earth Magic


You had 6 spell levels left.
You knew the following spells:

 Your Spells              Type           Power      Damage    Failure   Level
a - Stone Arrow           Conj/Erth      10%        3d7       36%         3

Your spell library contained the following spells:

 Spells                   Type           Power      Damage    Failure   Level
 Inner Flame              Hex/Fire       3%         N/A       52%         3
 Hailstorm                Conj/Ice       3%         3d3       89%         4
 Cause Fear               Hex            0%         N/A       96%         4
 Ice Form                 Ice/Tmut       1%         N/A       96%         4
 Bolt of Magma            Conj/Fire/Erth 2%         4d4       98%         5
 Borgnjor's Vile Clutch   Necr/Erth      1%         N/A       99%         5
 Alistair's Intoxication  Tmut/Pois      0%         N/A       100%        5
 Eringya's Noxious Bog    Tmut/Pois      0%         N/A       100%        6
 Simulacrum               Ice/Necr       0%         N/A       100%        6
 Discord                  Hex            0%         N/A       100%        8
 Shatter                  Erth           2%         3d6*      100%        9


Dungeon Overview and Level Annotations

Branches:
Dungeon (5/15)             Temple (0/1) D:5

Altars:
Trog

Shops:
D:2 (

Annotations:
D:3 1 runed translucent door, Crazy Yiuf
D:5 Prince Ribbit, Sigmund


Innate Abilities, Weirdness & Mutations

Your serpentine skin is tough. (AC +2)
You have supernaturally acute eyesight. (SInv)
Armour fits poorly on your strangely shaped body.
Your system is resistant to poisons. (rPois)
You cover ground very slowly.
You can spit poison.
You have a snake-like lower body.


Message History

HP restored.
You climb downwards.
Level annotation: Prince Ribbit, Sigmund Prince Ribbit barely misses you.
Prince Ribbit completely misses you.
There is a stone staircase leading up, spattered with blood here.
Unknown command.
Press: ? - help, Shift-Dir - straight line, f - Prince Ribbit
Aim: Prince Ribbit The splash of poison misses Prince Ribbit.
Prince Ribbit hits you but does no damage.
Prince Ribbit hits you!
Unknown command.
The stone arrow misses Prince Ribbit.
Prince Ribbit barely misses you.
You miscast Stone Arrow.
You are very lightly contaminated with residual magic.
Nothing appears to happen.
You have got your breath back.
Prince Ribbit hits you.
You miscast Stone Arrow.
Nothing appears to happen.
Prince Ribbit hits you. Prince Ribbit hits you!
Unknown command.
You miss Prince Ribbit.
Prince Ribbit lets out a mournful croak.
Prince Ribbit closely misses you.
You closely miss Prince Ribbit. Prince Ribbit hits you!
* * * LOW HITPOINT WARNING * * *
Prince Ribbit closely misses you.
Unknown command.
You miss Prince Ribbit. Prince Ribbit hits you!
* * * LOW HITPOINT WARNING * * *
Unknown command.
You feel better.
Prince Ribbit blinks!
You feel better.
You feel better. Prince Ribbit hits you. Prince Ribbit hits you!!
* * * LOW HITPOINT WARNING * * *
Okay, then.
Okay, then.
Prince Ribbit blinks!
Prince Ribbit hits you!
You die...

.##### #.................##
.....## ##..................#
#..#..###...................#
............................###
..............................#
#######..†....................#
#.#.###.................#
###.#...##..§.............#
#...###.###[@...#.........#
#....### #.#...F...#........>#
.S.... #...#...............#
##.... #..###.[.......######
#..... #..###....####.###
#..... #...##....##.....#
#..... #.#....>..........
#(.... #....##..#........
#..... .....##..#...........


You could see Prince Ribbit.

Vanquished Creatures
  A necrophage (D:5)
  2 lemures (D:4)
  2 scorpions
  A jelly (D:5)
  A hound (D:5)
  An orc priest (D:5)
  Natasha (thrice) (D:3)
  2 iguanas (D:4)
  A hound skeleton (D:4)
  5 adders
  A gnoll (D:2)
  An ufetubus (D:4)
  3 worms
  A dart slug (D:1)
  4 orcs
  7 bats
  8 endoplasms
  2 giant cockroaches
  2 goblins
  2 hobgoblins (D:1)
  2 jackals (D:1)
  3 quokkas
  6 ball pythons
  4 frilled lizards
  5 kobolds
  3 rats
73 creatures vanquished.

Notes
Turn   | Place    | Note
-------+----------+-------------------------------------------
     0 | D:1      | MajorAdolf the Naga Wanderer began the quest for the Orb.
     0 | D:1      | MajorAdolf set off with the following items: a +2 hand
                  | crossbow, 27 bolts, a +0 ring mail, 9 poisoned darts, a +0
                  | dagger
     0 | D:1      | Reached XP level 1. HP: 18/18 MP: 1/1
   233 | D:1      | Reached XP level 2. HP: 14/25 MP: 2/2
   777 | D:1      | Found a faded altar of an unknown god.
  1104 | D:2      | Reached XP level 3. HP: 31/31 MP: 3/3
  1586 | D:2      | Found Magast's Antique Weapon Shoppe.
  1697 | D:2      | Reached XP level 4. HP: 28/38 MP: 4/4
  2510 | D:3      | Noticed a scorpion
  2515 | D:2      | Killed a scorpion
  2516 | D:2      | Reached skill level 2 in Stealth
  2516 | D:2      | Reached XP level 5. HP: 42/45 MP: 5/5
  3412 | D:3      | Noticed Natasha
  3416 | D:3      | Killed Natasha
  3417 | D:3      | Reached skill level 3 in Stealth
  3497 | D:3      | Noticed Natasha
  3504 | D:3      | Killed Natasha
  3506 | D:3      | Noticed Natasha
  3644 | D:3      | Killed Natasha
  3773 | D:3      | Found a bloodstained altar of Trog.
  3788 | D:3      | Found a runed translucent door.
  3789 | D:3      | Noticed Crazy Yiuf
  4095 | D:4      | Reached XP level 6. HP: 38/54 MP: 6/6
  4246 | D:4      | Reached skill level 4 in Stealth
  5094 | D:5      | Entered Level 5 of the Dungeon
  5161 | D:5      | Learned a level 3 spell: Stone Arrow
  5191 | D:5      | Found a staircase to the Ecumenical Temple.
  5191 | D:5      | Noticed Prince Ribbit
  5238 | D:5      | Noticed Sigmund
  5284 | D:5      | Noticed a necrophage
  5304 | D:5      | Killed a necrophage
  5305 | D:5      | Reached skill level 1 in Spellcasting
  5305 | D:5      | Reached skill level 1 in Conjurations
  5305 | D:5      | Reached skill level 1 in Fire Magic
  5305 | D:5      | Reached skill level 1 in Earth Magic
  6059 | D:5      | Reached XP level 7. HP: 37/61 MP: 9/9
  6254 | D:5      | Reached skill level 5 in Stealth
  6692 | D:5      | HP: 2/61 [Prince Ribbit (15)]
  6697 | D:5      | Slain by Prince Ribbit

Illustrated notes

Levels and vault maps discovered:
D:1:      lightli_arrival_statue_moat, layout_basic,
          ebering_ecumenical_altar_sacrificial
D:2:      wad_river_or_something, layout_loops_ring, serial_shops, shop,
          hex_large, roderic_serpentine_path, grunt_decor_one_mirror
D:3:      layout_rooms, general_overflow_altar, fountainhead,
          supply_closet_lemuel, uniq_crazy_yiuf_cottage, uniq_natasha
D:4:      layout_basic, minmay_misc_feat_rugged, minmay_cut_off, uniq_pikel
D:5:      layout_rooms, minmay_temple_entry_tees, lemuel_flame_loot_1,
          uniq_sigmund, uniq_prince_ribbit1

Skill      XL: |  1  2  3  4  5  6  7 |
---------------+----------------------+-----
Crossbows      | 2 3 4 |  4.4
Stealth        | 2 3 4 5 |  5.0
Fighting       | 2 |  2.3
Spellcasting   | 1 |  1.8
Conjurations   | 1 2 |  2.0
Fire Magic     | 1 2 |  2.0
Earth Magic    | 1 2 |  2.0
Maces & Flails | |  4.0
Throwing       | |  1.0
Armour         | |  1.0

Action                   |  1- 3 |  4- 6 |  7- 9 || total
-------------------------+-------+-------+-------++-------
Melee: Dagger            |    22 |       |       ||    22
       Spear             |    68 |    97 |    26 ||   191
 Fire: Hand crossbow     |       |    24 |       ||    24
Throw: Dart              |     1 |       |       ||     1
 Cast: Stone Arrow       |       |       |     2 ||     2
 Abil: Spit Poison       |    15 |    14 |     5 ||    34
Evoke: Wand              |       |     3 |       ||     3
  Use: Potion            |       |       |     3 ||     3
 Stab: Sleeping          |     2 |     4 |       ||     6
Armor: Ring mail         |    44 |    21 |       ||    65
       Skin              |       |     2 |     1 ||     3
       Robe              |       |       |     6 ||     6
Dodge: Dodged            |    43 |    43 |    23 ||   109
